[Event "Titled Tuesday Blitz November 14 Early 2023"]
[White "Skaric, Djuro"]
[Black "Wahlund, Max"]
[WhiteFideId "934569"]
[BlackFideId "1741861"]
[WhiteElo "2368"]
[BlackElo "2159"]
[Result "1-0"]
[Round "8"]
[TimeControl "180+1"]
[Date "2023.11.14"]
[WhiteClock "0:00:19"]
[BlackClock "0:00:23"]
[Board "143"]

1. g3 Nf6 2. Bg2 g6 3. d3 Bg7 4. Nf3 O-O 5. O-O c5 6. h3 Nc6 7. Nc3 d6 8. e4 e5 9. Ne1 Nh5 10. Ne2 f5 11. f4 Nd4 12. Nxd4 cxd4 13. exf5 Nxg3 14. Bd5+ Kh8 15. fxg6 Qh4 16. Rf2 Bxh3 17. Qf3 exf4 18. Ng2 Bxg2 19. Qxg2 Rae8 20. Bd2 Qh5 21. Re1 Be5 22. gxh7 Kxh7 23. Qh2 Qxh2+ 24. Rxh2+ Kg7 25. Kf2 Rh8 26. Rg2 Kf6 27. b3 Nf5 28. Reg1 Rh6 29. a4 Reh8 30. Rg4 Rh2+ 31. Ke1 Ne3 32. Rg7 R8h6 33. Rf7# 1-0


[Site "https://www.chess.com"]

[Event "Titled Tuesday Blitz November 14 Early 2023"]
[White "Perez Rodriguez, Luis Manuel"]
[Black "thisjuan"]
[WhiteFideId "3503364"]
[WhiteElo "2574"]
[BlackElo "2196"]
[Result "1-0"]
[Round "8"]
[TimeControl "180+1"]
[Date "2023.11.14"]
[WhiteClock "0:01:04"]
[BlackClock "0:00:11"]
[Board "144"]

1. e4 c5 2. Nf3 g6 3. c3 Bg7 4. d4 cxd4 5. cxd4 d5 6. e5 Bg4 7. Bb5+ Nc6 8. Bxc6+ bxc6 9. Nbd2 Nh6 10. O-O O-O 11. h3 Bxf3 12. Nxf3 f6 13. Re1 Nf7 14. b3 fxe5 15. dxe5 e6 16. Ba3 Re8 17. Qc2 Ng5 18. Nxg5 Qxg5 19. Bd6 Rac8 20. Qc5 a6 21. Rac1 Bf8 22. a4 Qd8 23. b4 Qd7 24. Bxf8 Rxf8 25. Qb6 Rb8 26. Qxc6 Qxc6 27. Rxc6 Rxb4 28. Rxa6 d4 29. Rxe6 Rxa4 30. Rd6 Re8 31. e6 Kg7 32. Re4 Kf6 33. g4 g5 34. Kg2 Re7 35. f3 Ra2+ 36. Kg3 d3 37. Rxd3 Rxe6 38. Rxe6+ Kxe6 39. Rb3 Kf6 40. Rb5 h6 41. Rb6+ Kg7 42. h4 Ra5 43. h5 Ra4 44. Rb7+ Kf6 45. Rh7 Ke5 46. Rxh6 Ra1 47. Rg6 Rg1+ 48. Kf2 Rh1 49. Rxg5+ Kd4 50. Rf5 Rh2+ 51. Kg3 Rh1 52. Kf4 1-0


[Site "https://www.chess.com"]

[Event "Titled Tuesday Blitz November 14 Early 2023"]
[White "Ardila, Oscar Humberto"]
[Black "Iskusnyh, Sergei"]
[WhiteFideId "4404742"]
[BlackFideId "4120027"]
[WhiteElo "2315"]
[BlackElo "2530"]
[Result "0-1"]
[Round "8"]
[TimeControl "180+1"]
[Date "2023.11.14"]
[WhiteClock "0:00:00"]
[BlackClock "0:00:17"]
[Board "145"]

1. d4 d5 2. c4 c6 3. Nf3 Nf6 4. Nc3 a6 5. e3 e6 6. Bd2 c5 7. cxd5 exd5 8. Be2 Nc6 9. O-O Be6 10. Rc1 c4 11. Ng5 Bd6 12. Nxe6 fxe6 13. f4 O-O 14. Bf3 b5 15. a3 Rb8 16. Be1 Ne7 17. g4 a5 18. Bh4 b4 19. axb4 axb4 20. Ne2 Qb6 21. Kh1 Kh8 22. Ra1 Ng6 23. Bg3 Qc7 24. Qa4 Nd7 25. f5 exf5 26. Bxd5 Nb6 27. Qc6 Nxd5 28. Qxd5 Bxg3 29. Nxg3 fxg4 30. Rxf8+ Rxf8 31. Ra8 c3 32. Rxf8+ Nxf8 33. bxc3 bxc3 34. Qa8 Kg8 35. Qd5+ Qf7 36. Qc5 Qf3+ 37. Kg1 Qxe3+ 38. Kg2 Qf3+ 39. Kg1 Qd1+ 40. Kg2 Qd2+ 41. Kf1 c2 42. Ne2 h6 43. Qd5+ Kh7 44. Qf5+ Ng6 45. Qc5 Qd3 46. Kf2 Qf3+ 47. Ke1 Qd3 48. Kf2 Nh4 49. Qe7 Nf5 0-1


[Site "https://www.chess.com"]

[Event "Titled Tuesday Blitz November 14 Early 2023"]
[White "Alimpic, Aleksa"]
[Black "Josgar05"]
[WhiteFideId "974323"]
[WhiteElo "2509"]
[BlackElo "2308"]
[Result "1-0"]
[Round "8"]
[TimeControl "180+1"]
[Date "2023.11.14"]
[WhiteClock "0:00:21"]
[BlackClock "0:01:34"]
[Board "146"]

1. d4 d6 2. g3 Nf6 3. Bg2 e5 4. dxe5 dxe5 5. Qxd8+ Kxd8 6. Nc3 c6 7. f4 Nbd7 8. Nf3 Bd6 9. O-O Re8 10. fxe5 Nxe5 11. Bg5 Bc5+ 12. Kh1 Ng4 13. h3 Ne3 14. Bxe3 Bxe3 15. Rad1+ Kc7 16. Nd4 a5 17. a4 Bd7 18. Nf5 Bxf5 19. Rxf5 Rad8 20. Rd3 Bd4 21. Bf3 g6 22. Rf4 Be5 23. Rc4 Bxg3 24. Kg2 Be5 25. b3 Kb8 26. Ne4 Nxe4 27. Rxe4 f5 28. Rxd8+ Rxd8 29. Rxe5 Rd7 30. h4 Kc7 31. Rxa5 Kd6 32. Kf2 Rd8 33. b4 b6 34. Ra7 Re8 35. Rxh7 Re6 36. Rb7 Ke5 37. Rxb6 Kd4 38. Rxc6 Re5 39. c3# 1-0


[Site "https://www.chess.com"]

[Event "Titled Tuesday Blitz November 14 Early 2023"]
[White "Tuleyeva-Aketayeva, Dana"]
[Black "Arngrimsson, Dagur"]
[WhiteFideId "13701932"]
[BlackFideId "2301288"]
[WhiteElo "2304"]
[BlackElo "2507"]
[Result "0-1"]
[Round "8"]
[TimeControl "180+1"]
[Date "2023.11.14"]
[WhiteClock "0:00:14"]
[BlackClock "0:01:23"]
[Board "147"]

1. d4 d5 2. Nf3 Nf6 3. g3 Bf5 4. Bg2 e6 5. c4 Be7 6. Nc3 O-O 7. Nd2 Nc6 8. cxd5 Nxd4 9. e4 Bg4 10. f3 Bh5 11. dxe6 Bc5 12. exf7+ Bxf7 13. Na4 Qe7 14. a3 Rad8 15. O-O Nb3+ 16. Kh1 Nxa1 17. b4 Bb3 18. Qe1 Bxa4 19. bxc5 Nb3 20. Nxb3 Bxb3 21. Qb4 Qe6 22. Bf4 Rd1 23. Qxb7 Rxf1+ 24. Bxf1 Nh5 25. Qxc7 Nxf4 26. gxf4 Bc4 27. Qe5 Qf7 28. Bxc4 Qxc4 29. Qd5+ Qxd5 30. exd5 Rf5 31. d6 Rxc5 32. d7 Rd5 33. Kg2 Rxd7 34. Kg3 Rd2 35. Kg4 Rd3 36. Kf5 Rxf3 37. a4 Ra3 38. Ke6 Rxa4 39. f5 Rh4 40. f6 Rh6 41. Ke7 Rxf6 42. h4 h5 43. Ke8 Rf4 44. Ke7 Rxh4 45. Ke8 Rg4 46. Ke7 Kh7 47. Ke8 Kh6 48. Kf7 g6 49. Kg8 h4 50. Kh8 Kh5 51. Kg8 g5 52. Kh7 Rf4 53. Kg7 h3 54. Kh7 g4 55. Kg7 Rf3 56. Kh7 Kh4 57. Kg6 h2 58. Kh6 g3 59. Kg6 Rf2 60. Kh6 Kg4 61. Kg6 Rf3 62. Kh6 Rf5 63. Kg6 g2 64. Kh6 Rf3 65. Kg6 Kg3 66. Kg5 g1=Q 67. Kh5 h1=Q+ 68. Kg5 Kf2# 0-1


[Site "https://www.chess.com"]

[Event "Titled Tuesday Blitz November 14 Early 2023"]
[White "Pumpkin_in_moonlight"]
[Black "Shubenkova, Veronika"]
[BlackFideId "44124040"]
[WhiteElo "2302"]
[BlackElo "2501"]
[Result "0-1"]
[Round "8"]
[TimeControl "180+1"]
[Date "2023.11.14"]
[WhiteClock "0:00:00"]
[BlackClock "0:01:26"]
[Board "148"]

1. e4 c5 2. Nf3 e6 3. b3 Nc6 4. Bb2 Nf6 5. e5 Nd5 6. Bb5 Be7 7. Bxc6 dxc6 8. O-O O-O 9. d3 b5 10. Nbd2 a5 11. a4 Ba6 12. Ne4 Qb6 13. Qe2 c4 14. bxc4 bxc4 15. Rfb1 cxd3 16. cxd3 Nf4 17. Qd2 Nxd3 18. Ba3 Bb4 19. Bxb4 axb4 20. a5 Qa7 21. Qg5 Kh8 22. Ra2 c5 23. Qh4 c4 24. Nfg5 h6 25. Nf3 c3 26. g4 Bc4 27. Rc2 Bd5 28. Ng3 Bxf3 29. g5 h5 30. Nxh5 Bxh5 31. Qxh5+ Kg8 32. g6 fxg6 33. Qxg6 Rxf2 34. Qxe6+ Rf7+ 35. Kg2 Qb7+ 36. Kg1 Qe4 37. Rf1 Ra7 0-1


[Site "https://www.chess.com"]

[Event "Titled Tuesday Blitz November 14 Early 2023"]
[White "Buscar, Michael"]
[Black "Grossboss19"]
[WhiteFideId "2603616"]
[WhiteElo "2288"]
[BlackElo "2488"]
[Result "1-0"]
[Round "8"]
[TimeControl "180+1"]
[Date "2023.11.14"]
[WhiteClock "0:00:05"]
[BlackClock "0:00:00"]
[Board "149"]

1. d4 d5 2. c4 e6 3. Nc3 Ne7 4. cxd5 exd5 5. Bg5 c6 6. e3 Bf5 7. Bd3 Bxd3 8. Qxd3 h6 9. Bh4 Qd7 10. Nf3 Ng6 11. Bg3 Bd6 12. Ne5 Bxe5 13. dxe5 O-O 14. f4 Ne7 15. O-O-O Qf5 16. Qxf5 Nxf5 17. Bf2 Na6 18. e4 dxe4 19. Nxe4 Rfd8 20. a3 Nc7 21. Rxd8+ Rxd8 22. Bxa7 Nb5 23. Bb6 Rd5 24. Rd1 Nbd4 25. g4 Ne2+ 26. Kc2 Ne7 27. Be3 h5 28. h3 h4 29. Rd2 Ng3 30. Nxg3 hxg3 31. Rg2 Rd7 32. Rxg3 Nd5 33. Bd2 g5 34. f5 Re7 35. Bxg5 Rxe5 36. Rg2 Re1 37. Bd2 Rh1 38. Rg3 Rh2 39. Rd3 Kg7 40. Kd1 Rh1+ 41. Ke2 Kf6 42. Kf2 Ke5 43. Kg2 Rb1 44. b4 Ke4 45. Rf3 Rb2 46. Rf2 Ne3+ 47. Bxe3 Rb3 48. Bc5 Rxa3 49. h4 Ra8 50. h5 Rb8 51. Kg3 b6 52. Bd6 Rd8 53. Bf4 c5 54. bxc5 bxc5 55. h6 c4 56. h7 c3 57. Rh2 Rh8 58. Bc1 Kd3 59. Kf4 f6 60. g5 fxg5+ 61. Kxg5 c2 62. Kg6 Rb8 63. h8=Q Rb6+ 64. f6 Rb4 65. Qd8+ Kc3 66. Qc8+ Kb3 67. Rxc2 1-0


[Site "https://www.chess.com"]

[Event "Titled Tuesday Blitz November 14 Early 2023"]
[White "Kanyamarala, Trisha"]
[Black "Larina, Maria"]
[WhiteFideId "45004722"]
[BlackFideId "24113182"]
[WhiteElo "2488"]
[BlackElo "2286"]
[Result "1-0"]
[Round "8"]
[TimeControl "180+1"]
[Date "2023.11.14"]
[WhiteClock "0:00:36"]
[BlackClock "0:00:35"]
[Board "150"]

1. c4 e5 2. Nc3 f5 3. g3 Nf6 4. Bg2 d6 5. Nf3 Nc6 6. d3 Be7 7. O-O O-O 8. Rb1 a5 9. a3 Qe8 10. b4 axb4 11. axb4 Bd8 12. b5 Ne7 13. c5 Ng6 14. d4 e4 15. Ng5 d5 16. Qb3 c6 17. f3 h6 18. Nh3 Bd7 19. Nf4 Nxf4 20. Bxf4 Nh5 21. fxe4 Nxf4 22. Rxf4 fxe4 23. Rxf8+ Qxf8 24. Nxe4 Qf7 25. Nd6 Qg6 26. Rf1 Bf6 27. bxc6 bxc6 28. Bxd5+ Kh8 29. Be4 Bxd4+ 30. Kh1 Qe6 31. Qd3 Bxc5 32. Nf7+ Kg8 33. Bh7+ Kf8 34. Ng5+ Ke7 35. Nxe6 Bxe6 36. Qc3 Bd5+ 37. e4 Ra3 38. Qxc5+ 1-0


[Site "https://www.chess.com"]

[Event "Titled Tuesday Blitz November 14 Early 2023"]
[White "Hajiyev, Kanan"]
[Black "LeoWin2012"]
[WhiteFideId "13404148"]
[WhiteElo "2466"]
[BlackElo "2283"]
[Result "1-0"]
[Round "8"]
[TimeControl "180+1"]
[Date "2023.11.14"]
[WhiteClock "0:00:08"]
[BlackClock "0:00:22"]
[Board "151"]

1. d4 Nf6 2. Nf3 g6 3. c4 Bg7 4. Nc3 d5 5. g3 O-O 6. Bg2 c6 7. O-O Bf5 8. cxd5 cxd5 9. Qb3 Qd7 10. Ne5 Qc8 11. Nxd5 Nxd5 12. Bxd5 Nc6 13. Bxf7+ Kh8 14. Nxc6 bxc6 15. Bc4 Bxd4 16. Bh6 Rd8 17. Rad1 c5 18. e3 Bf6 19. Rxd8+ Qxd8 20. Rd1 Qc7 21. Qa3 Rb8 22. Bf4 e5 23. Bh6 Qb6 24. b3 Rd8 25. Qc1 Bg4 26. Rd5 Bf3 27. Rd2 e4 28. h4 Rd6 29. Bf4 Rd8 30. Kh2 Qa5 31. Rxd8+ Qxd8 32. a4 Bxh4 33. Be5+ Bf6 34. Qc3 Kg7 35. Kh3 Qd7+ 36. Kh2 Qe7 37. Bxf6+ Qxf6 38. Qxf6+ Kxf6 39. Kh3 g5 40. g4 Ke5 41. Kg3 a5 42. Bg8 h6 43. Bc4 Bd1 44. Bg8 Kd6 45. Bf7 Be2 46. Bg8 Ke7 47. Bc4 Kd6 48. Bxe2 Kd5 49. Bc4+ Ke5 50. f4+ exf3 51. Kxf3 Kf6 52. e4 Ke5 53. Ke3 Kf6 54. Bb5 Ke5 55. Be8 Kf6 56. Bh5 Ke5 57. Bg6 Kf6 58. Bf5 Ke5 59. Kd3 Kd6 60. Kc4 Kc6 61. e5 Kb6 62. e6 Kc7 63. Kxc5 Kd8 64. Kb5 Ke7 65. Kxa5 Kd6 66. b4 h5 67. gxh5 g4 68. Bxg4 Ke7 69. h6 Kf6 70. h7 Kg7 71. e7 Kxh7 72. e8=Q Kh6 73. Be6 Kg5 74. Qf7 Kh6 75. Qg8 Kh5 76. Bf5 Kh4 77. Qg4# 1-0


[Site "https://www.chess.com"]

[Event "Titled Tuesday Blitz November 14 Early 2023"]
[White "Berezin, Viktor"]
[Black "Kuchava, Ana"]
[WhiteFideId "14107872"]
[BlackFideId "13605348"]
[WhiteElo "2446"]
[BlackElo "2243"]
[Result "1-0"]
[Round "8"]
[TimeControl "180+1"]
[Date "2023.11.14"]
[WhiteClock "0:00:48"]
[BlackClock "0:00:00"]
[Board "152"]

1. Nf3 d5 2. c4 d4 3. b4 c5 4. d3 cxb4 5. g3 Nc6 6. Bg2 Nf6 7. O-O g6 8. a3 b3 9. Qxb3 Bg7 10. Bb2 O-O 11. Qd1 e5 12. Nbd2 Re8 13. Ng5 h6 14. Nge4 Nxe4 15. Bxe4 f5 16. Bg2 Kh7 17. c5 Qe7 18. Nc4 Qxc5 19. a4 a5 20. Ba3 Nb4 21. Rc1 Qe7 22. Nb6 Rb8 23. Qd2 Be6 24. Rb1 Bf8 25. Rfc1 Qd6 26. Nc4 Bxc4 27. Rxc4 Qd7 28. Rbc1 Rec8 29. Qb2 Rxc4 30. Rxc4 Rc8 31. Qc1 Rxc4 32. Qxc4 Qxa4 33. Qf7+ Bg7 34. Bxb4 Qxb4 35. Bd5 Qf8 36. Qxb7 a4 37. Qa7 a3 38. h4 Qb4 39. Qa8 Qf8 40. Qa6 h5 41. Kg2 Qe7 42. f3 Kh6 43. Kh3 Qb4 44. Bf7 1-0


[Site "https://www.chess.com"]

[Event "Titled Tuesday Blitz November 14 Early 2023"]
[White "Mikhalsky, Vladimir"]
[Black "Skibbe, Willi"]
[WhiteFideId "14144352"]
[BlackFideId "4682190"]
[WhiteElo "2424"]
[BlackElo "2237"]
[Result "1-0"]
[Round "8"]
[TimeControl "180+1"]
[Date "2023.11.14"]
[WhiteClock "0:00:06"]
[BlackClock "0:00:00"]
[Board "153"]

1. d4 d5 2. c4 e6 3. Nf3 c6 4. g3 dxc4 5. Bg2 b5 6. O-O Bb7 7. a4 Nd7 8. b3 cxb3 9. Qxb3 b4 10. a5 Ba6 11. Re1 Ngf6 12. Bd2 Rb8 13. Bf4 Rc8 14. e4 Be7 15. Nbd2 O-O 16. Nc4 c5 17. Nd6 Rc6 18. d5 exd5 19. exd5 Rxd6 20. Rxe7 Rxd5 21. Rae1 Rd3 22. Qa4 Bb7 23. Ng5 Bxg2 24. Kxg2 h6 25. Nf3 Qa8 26. R1e3 Rxe3 27. Bxe3 Qd5 28. h3 Re8 29. Rxe8+ Nxe8 30. Bxc5 Nef6 31. Bxb4 Ne5 32. Qa3 a6 33. Qe3 Nfd7 34. Bc3 Qxf3+ 35. Qxf3 Nxf3 36. Kxf3 f6 37. Ke4 Kf7 38. Kd5 Ke7 39. Bb4+ Kd8 40. Kc6 Kc8 41. f4 Nb8+ 42. Kb6 Kd7 43. Bf8 h5 44. Bxg7 Ke6 45. g4 hxg4 46. hxg4 Kf7 47. Bh6 Kg6 48. g5 fxg5 49. Bxg5 Kf5 50. Kb7 Nd7 51. Kxa6 Ke6 52. Kb7 Nc5+ 53. Kb6 Nd7+ 54. Kc6 Nb8+ 55. Kb7 Nd7 56. a6 Nc5+ 57. Kb6 Nd7+ 58. Kc7 1-0


[Site "https://www.chess.com"]

[Event "Titled Tuesday Blitz November 14 Early 2023"]
[White "Sarkar, Justin"]
[Black "Balla, Tamas-Kristof"]
[WhiteFideId "2010011"]
[BlackFideId "1208497"]
[WhiteElo "2241"]
[BlackElo "2412"]
[Result "1-0"]
[Round "8"]
[TimeControl "180+1"]
[Date "2023.11.14"]
[WhiteClock "0:00:09"]
[BlackClock "0:01:04"]
[Board "154"]

1. d4 d5 2. c4 e6 3. Nc3 c5 4. cxd5 exd5 5. Nf3 Nc6 6. a3 Nf6 7. dxc5 Bxc5 8. Bg5 Be7 9. e3 Be6 10. Be2 O-O 11. O-O h6 12. Bh4 Qd7 13. Nd4 Nxd4 14. Qxd4 a6 15. Na4 Rfd8 16. Nb6 Qd6 17. Bg3 Qc6 18. Rac1 Qe8 19. Nxa8 Rxa8 20. Rc7 b5 21. Rfc1 Bd8 22. R7c2 Ne4 23. Bc7 Bf6 24. Be5 Be7 25. Bxg7 f6 26. Bxh6 Qg6 27. Bf4 Rd8 28. Rc7 Bd6 29. Bxd6 Rxd6 30. Bf3 Ng5 31. Kh1 Nxf3 32. gxf3 Kf8 33. Rg1 Qh5 34. Qxf6+ Bf7 35. Qxd6+ Ke8 36. Qe7# 1-0


[Site "https://www.chess.com"]

[Event "Titled Tuesday Blitz November 14 Early 2023"]
[White "Limontaite, Simona"]
[Black "Buchenau, Frank"]
[WhiteFideId "12802506"]
[BlackFideId "4604350"]
[WhiteElo "2236"]
[BlackElo "2412"]
[Result "0-1"]
[Round "8"]
[TimeControl "180+1"]
[Date "2023.11.14"]
[WhiteClock "0:00:11"]
[BlackClock "0:00:07"]
[Board "155"]

1. d4 e6 2. c4 Nf6 3. Nf3 b6 4. g3 Bb7 5. Bg2 Be7 6. O-O O-O 7. Nc3 Ne4 8. Qc2 Nxc3 9. Qxc3 f5 10. b3 Bf6 11. Bb2 d6 12. Nd2 Bxg2 13. Kxg2 c5 14. Qd3 Nc6 15. Nf3 Qe7 16. Rad1 Rad8 17. Bc3 cxd4 18. Nxd4 Ne5 19. Qd2 Qb7+ 20. f3 Rfe8 21. Nb5 d5 22. Qe3 Nd7 23. Nd6 Qa8 24. Nxe8 Rxe8 25. Qd2 Bxc3 26. Qxc3 Nf6 27. c5 Rc8 28. Qe5 Qc6 29. cxb6 axb6 30. Rc1 Qd7 31. Rxc8+ Qxc8 32. Rd1 Kf7 33. h4 Qc2 34. Qd4 Qxe2+ 35. Kh3 Qxf3 36. Rd3 Qf1+ 37. Kh2 Ng4+ 38. Qxg4 fxg4 0-1


[Site "https://www.chess.com"]

[Event "Titled Tuesday Blitz November 14 Early 2023"]
[White "Silvestre, Christian"]
[Black "Suspenser17"]
[WhiteFideId "30956269"]
[WhiteElo "2234"]
[BlackElo "2408"]
[Result "0-1"]
[Round "8"]
[TimeControl "180+1"]
[Date "2023.11.14"]
[WhiteClock "0:00:11"]
[BlackClock "0:00:46"]
[Board "156"]

1. e4 e5 2. Nf3 Nc6 3. Bb5 a6 4. Bxc6 dxc6 5. O-O Bd6 6. d4 exd4 7. Qxd4 f6 8. h3 Ne7 9. Nc3 Be6 10. Rd1 O-O 11. Be3 Qe8 12. Qd2 Qh5 13. Qe2 Rad8 14. Nd4 Qxe2 15. Ndxe2 f5 16. Nf4 Bf7 17. Rd2 b5 18. exf5 Nxf5 19. Ne4 Nxe3 20. Nxd6 Nc4 21. Nxc4 Bxc4 22. Rxd8 Rxd8 23. b3 Bf7 24. a4 b4 25. Re1 Rd2 26. Re2 Rxe2 27. Nxe2 c5 28. Nc1 c4 29. Kf1 Bg6 30. bxc4 Bxc2 31. Ke2 Bxa4 32. Nd3 a5 33. Nc5 Bc6 34. Ne6 Bxg2 35. Nxc7 Bxh3 36. Nd5 a4 37. Nxb4 Bd7 38. c5 Bb5+ 39. Ke3 h5 40. Kd4 h4 41. Ke3 a3 42. Kf4 Bd7 43. Kf3 g5 44. Kg2 g4 45. Kh2 Kf7 46. c6 Bxc6 47. Nxc6 a2 48. Ne5+ Ke6 49. Nxg4 a1=Q 50. Kh3 Kf5 51. Kxh4 Qa4 52. f3 Qf4 53. Kh5 Qg5# 0-1


[Site "https://www.chess.com"]

[Event "Titled Tuesday Blitz November 14 Early 2023"]
[White "Herman, Daniel"]
[Black "Cueto, Jonny"]
[WhiteFideId "30935008"]
[BlackFideId "3300145"]
[WhiteElo "2401"]
[BlackElo "2221"]
[Result "1-0"]
[Round "8"]
[TimeControl "180+1"]
[Date "2023.11.14"]
[WhiteClock "0:00:07"]
[BlackClock "0:00:00"]
[Board "157"]

1. c4 e6 2. d4 Nf6 3. g3 Bb4+ 4. Bd2 Qe7 5. Bg2 O-O 6. Nf3 Nc6 7. O-O Bxd2 8. Qxd2 d6 9. Nc3 a5 10. d5 Nb8 11. Nd4 e5 12. Ndb5 Na6 13. Qc2 Nb4 14. Qb1 Bg4 15. a3 Na6 16. b4 axb4 17. axb4 Bh5 18. Ra4 Bg6 19. Qa2 Nxb4 20. Qb3 Nc2 21. e4 Nd4 22. Nxd4 exd4 23. Rxa8 Rxa8 24. Qxb7 Re8 25. Nb5 Bxe4 26. Qxc7 Qxc7 27. Nxc7 Rc8 28. Nb5 Bxg2 29. Kxg2 Rxc4 30. Rd1 Rc5 31. Nxd6 Rxd5 32. Nc4 g6 33. Nb2 Kg7 34. Nd3 Nd7 35. Rb1 f6 36. Rb7 Kf8 37. Kf3 Ne5+ 38. Nxe5 fxe5 39. Ke2 Kg8 40. Kd3 Rd8 41. f4 exf4 42. gxf4 Rf8 43. Kxd4 Rxf4+ 44. Ke3 Rh4 45. Rb2 Kg7 46. Kf3 Kh6 47. Kg3 Ra4 48. Rb3 Ra2 49. h3 Kh5 50. Rc3 Ra1 51. Rb3 Rg1+ 52. Kh2 Ra1 53. Kg3 Ra2 54. Rc3 Rd2 55. Rb3 Rd1 56. Rc3 Rg1+ 57. Kh2 Rg5 58. Rb3 h6 59. Ra3 Rd5 60. Rb3 Rd2+ 61. Kg3 g5 62. Ra3 Rd1 63. Rb3 Rg1+ 64. Kh2 Ra1 65. Kg3 Rg1+ 66. Kh2 Re1 67. Kg3 Re8 68. Ra3 Rf8 69. Rb3 Kg6 70. Ra3 Rf6 71. Rb3 h5 72. Ra3 h4+ 73. Kg2 Rd6 74. Ra2 Rd3 75. Rb2 Rg3+ 76. Kh2 Kh5 77. Rc2 Re3 78. Rb2 Ra3 79. Rc2 Kg6 80. Rf2 Kh5 81. Re2 Ra1 82. Rf2 g4 83. Rf5+ Kg6 84. hxg4 Ra3 85. Rh5 Rg3 86. Rxh4 Ra3 87. Rh8 Kg5 88. Rg8+ Kf6 89. Kg2 Rb3 90. Kf2 Ra3 91. Rb8 Rc3 92. Rb5 Ra3 93. Rf5+ Kg6 94. Rf3 Ra1 95. Kg3 Rg1+ 96. Kh4 Rh1+ 97. Kg3 Rg1+ 98. Kf4 Ra1 99. Rb3 Rf1+ 100. Kg3 Rg1+ 101. Kh3 Rh1+ 102. Kg2 Rc1 103. Rb5 Rc2+ 104. Kf3 Rc3+ 105. Kf4 Rc4+ 106. Kg3 Rc3+ 107. Kh4 Rc1 108. Rb6+ Kg7 109. Kh5 Rh1+ 110. Kg5 Rc1 111. Rb7+ Kg8 112. Kh6 Rh1+ 113. Kg6 Kf8 114. Rb8+ Ke7 115. g5 Rh3 116. Kg7 Rh4 117. g6 Rh2 118. Kg8 Rh1 119. g7 Rh4 120. Rb1 Rh5 121. Re1+ Kf6 122. Kf8 1-0


[Site "https://www.chess.com"]

[Event "Titled Tuesday Blitz November 14 Early 2023"]
[White "Valy02chess"]
[Black "Todev, Simeon"]
[BlackFideId "2925133"]
[WhiteElo "2215"]
[BlackElo "2358"]
[Result "1-0"]
[Round "8"]
[TimeControl "180+1"]
[Date "2023.11.14"]
[WhiteClock "0:00:25"]
[BlackClock "0:00:01"]
[Board "158"]

1. e4 c5 2. Nf3 Nc6 3. c3 e5 4. Bb5 Nf6 5. O-O Bd6 6. d4 cxd4 7. cxd4 exd4 8. Bxc6 dxc6 9. e5 Bxe5 10. Nxe5 O-O 11. Bg5 Bf5 12. Nd2 Re8 13. Nef3 c5 14. Re1 Qd6 15. Qb3 Ng4 16. h3 Ne5 17. Nxe5 Rxe5 18. Qxb7 Rae8 19. Rxe5 Qxe5 20. Nc4 Qe6 21. Qb3 Qg6 22. Bd2 Be6 23. Qb5 Rd8 24. Ne5 Qe4 25. Re1 Qd5 26. Nc6 Qd7 27. Bg5 f6 28. Rxe6 Qxe6 29. Nxd8 Qe1+ 30. Kh2 fxg5 31. Qxc5 Qe4 32. Qc4+ Kh8 33. Qf7 Qe5+ 34. g3 h6 35. Ne6 d3 36. Qe8+ Kh7 37. Nf8+ 1-0


[Site "https://www.chess.com"]

[Event "Titled Tuesday Blitz November 14 Early 2023"]
[White "Ismayilova, Khanim"]
[Black "Jakubowska, Anna"]
[WhiteFideId "13429019"]
[BlackFideId "1121952"]
[WhiteElo "2161"]
[BlackElo "2343"]
[Result "0-1"]
[Round "8"]
[TimeControl "180+1"]
[Date "2023.11.14"]
[WhiteClock "0:01:16"]
[BlackClock "0:01:18"]
[Board "159"]

1. e4 Nf6 2. e5 Nd5 3. c4 Nb6 4. d4 d6 5. exd6 cxd6 6. Nf3 g6 7. Nc3 Bg7 8. Be2 O-O 9. O-O Bg4 10. b3 Nc6 11. Be3 e5 12. d5 Ne7 13. Rc1 f5 14. h3 Bxf3 15. Bxf3 e4 16. Be2 f4 17. Bd4 f3 18. Bxg7 fxe2 19. Qxe2 Kxg7 20. Qxe4 Qd7 21. Qd4+ Kg8 22. Ne4 Nf5 23. Nf6+ Rxf6 24. Qxf6 Rf8 25. Qg5 Qg7 26. Rc2 Nd7 27. Re2 Ne5 28. f4 h6 29. Qxf5 Rxf5 30. fxe5 Rxf1+ 31. Kxf1 dxe5 32. d6 Qf6+ 33. Kg1 Qxd6 34. Rf2 e4 35. Re2 Qd4+ 36. Kf1 e3 37. Ke1 Qa1# 0-1


[Site "https://www.chess.com"]

[Event "Titled Tuesday Blitz November 14 Early 2023"]
[White "Dahlgren, James Allen"]
[Black "MIss_MIaMI"]
[WhiteFideId "22256873"]
[WhiteElo "2148"]
[BlackElo "2342"]
[Result "0-1"]
[Round "8"]
[TimeControl "180+1"]
[Date "2023.11.14"]
[WhiteClock "0:00:01"]
[BlackClock "0:00:14"]
[Board "160"]

1. e4 c5 2. Nc3 e6 3. f4 a6 4. a4 b6 5. Bc4 Bb7 6. d3 Nf6 7. Nf3 d5 8. exd5 exd5 9. Ba2 Be7 10. O-O O-O 11. h3 Re8 12. d4 c4 13. b3 Bb4 14. Bd2 Bxc3 15. Bxc3 Ne4 16. Bd2 b5 17. c3 Nd7 18. b4 Ndf6 19. Bb1 Nh5 20. g4 Nhg3 21. Re1 Qf6 22. Ne5 Qh4 23. Kg2 f6 24. Nf3 Qh6 25. f5 Nxd2 26. Qxd2 Qxd2+ 27. Nxd2 Rxe1 28. Kxg3 Rae8 29. Ra2 R8e3+ 30. Kf4 Rxc3 31. axb5 axb5 32. Ra7 Re7 33. Nf3 Kf7 34. g5 fxg5+ 35. Nxg5+ Ke8 36. f6 gxf6 37. Nxh7 Kf7 38. h4 Rb3 39. Bf5 Rxb4 40. h5 Rb2 41. Bg6+ Kg7 42. Kf5 Rf2+ 43. Kg4 c3 44. Ra3 c2 45. Rc3 b4 46. Rxc2 Rxc2 47. Bxc2 Bc8+ 48. Kf4 Kh6 49. Nxf6 Rf7 50. Ke5 Bb7 51. Nxd5 Bxd5 52. Kxd5 Rc7 53. Bb3 Rc3 54. Bc4 Kxh5 55. Kc5 b3 56. Kb4 b2 57. Ba2 Rc1 58. d5 b1=Q+ 59. Bxb1 Rxb1+ 60. Kc5 Rc1+ 61. Kd6 Kh6 62. Ke7 Re1+ 63. Kd7 Kg6 64. d6 Kf6 65. Kc8 Rc1+ 66. Kd8 Ke6 67. d7 Rd1 0-1


[Site "https://www.chess.com"]

[Event "Titled Tuesday Blitz November 14 Early 2023"]
[White "Politov, Pavel Y."]
[Black "KorolDimitriy75"]
[WhiteFideId "24110515"]
[WhiteElo "2108"]
[BlackElo "2339"]
[Result "0-1"]
[Round "8"]
[TimeControl "180+1"]
[Date "2023.11.14"]
[WhiteClock "0:00:09"]
[BlackClock "0:00:24"]
[Board "161"]

1. d4 Nf6 2. c4 c5 3. d5 b5 4. cxb5 a6 5. bxa6 Bxa6 6. Nc3 g6 7. Nf3 d6 8. e4 Bxf1 9. Kxf1 Nbd7 10. g3 Bg7 11. h3 O-O 12. Kg2 Ra6 13. a4 Qa8 14. Ra3 Rb8 15. Re1 Ne8 16. Qd3 Nc7 17. Nd2 Rb4 18. Nc4 Ne5 19. Nxe5 Bxe5 20. f4 Bd4 21. Nb5 Nxb5 22. axb5 Raa4 23. Rxa4 Qxa4 24. Re2 Qxb5 25. Qxb5 Rxb5 26. Kf3 Rb3+ 27. Kg2 h5 28. g4 h4 29. Rc2 Kg7 30. Kh2 Be3 31. e5 Bxc1 32. Rxc1 Rxb2+ 33. Kg1 Rd2 34. exd6 exd6 35. Re1 Rxd5 36. Re7 Rd3 37. Rc7 Rxh3 38. Rd7 Rd3 39. Kh2 c4 40. Rc7 d5 41. Rd7 c3 42. Rc7 d4 43. Rd7 c2 44. Rc7 Rc3 45. Rxc3 dxc3 46. Kh3 c1=Q 47. Kxh4 Qxf4 48. Kh3 c2 49. Kh4 c1=Q 50. Kh3 Qh1# 0-1


[Site "https://www.chess.com"]

[Event "Titled Tuesday Blitz November 14 Early 2023"]
[White "Winkels, Marcel"]
[Black "Fernandez Siles, Luis"]
[WhiteFideId "1003887"]
[BlackFideId "2209420"]
[WhiteElo "2076"]
[BlackElo "2328"]
[Result "0-1"]
[Round "8"]
[TimeControl "180+1"]
[Date "2023.11.14"]
[WhiteClock "0:00:05"]
[BlackClock "0:00:27"]
[Board "162"]

1. e4 e5 2. Nf3 Nc6 3. Bb5 Nge7 4. O-O g6 5. c3 Bg7 6. d4 exd4 7. cxd4 d5 8. e5 O-O 9. Nc3 Bg4 10. Be3 f6 11. exf6 Bxf6 12. Be2 Qd6 13. Qb3 Kg7 14. Rfd1 b6 15. Nb5 Qd7 16. Rac1 a6 17. Nc3 b5 18. h3 Be6 19. a3 Rae8 20. Na2 Nf5 21. Nb4 Nxe3 22. fxe3 Nb8 23. Qc3 Bd8 24. Nd3 Bxh3 25. Nc5 Qg4 26. Bf1 Rxf3 27. Kh2 Rxf1 28. gxh3 Rf2+ 0-1


[Site "https://www.chess.com"]